 Dungeon Crawl Stone Soup version 0.21-a0-507-ga8f6b7a (webtiles) character file.

154 slep the Poker (level 5, 0/41 HPs)
             Began as a Demonspawn Monk on Nov 28, 2017.
             Was a Believer of Okawaru.
             Succumbed to an orc wizard's poison
             ... on level 4 of the Dungeon.
             The game lasted 00:08:52 (2038 turns).

slep the Poker (Demonspawn Monk)                    Turns: 2038, Time: 00:08:52

Health: 0/41       AC:  7    Str: 13    XL:     5   Next: 13%
Magic:  5/5        EV: 12    Int: 11    God:    Okawaru [**....]
Gold:   147        SH:  0    Dex: 15    Spells: 4/4 levels left

rFire    . . .     SeeInvis .   a - +0 spear
rCold    . . .     Gourm    .   (no shield)
rNeg     . . .     Faith    .   j - +0 ring mail
rPois    .         Spirit   .   (no helmet)
rElec    .         Reflect  .   (no cloak)
rCorr    .         Harm     .   (no gloves)
MR       .....                  (no boots)
Stlth    +.........             (no amulet)
HPRegen  0.13/turn              (no ring)
MPRegen  0.09/turn              (no ring)

@: lethally poisoned (0 -> -41)
A: slimy green scales 1, spiny 1
a: Heroism, Renounce Religion


You were on level 4 of the Dungeon.
You worshipped Okawaru.
Okawaru was pleased with you.
You were hungry.

You visited 1 branch of the dungeon, and saw 4 of its levels.

You collected 147 gold pieces.

Inventory:

Hand Weapons
 a - a +0 spear (weapon)
Missiles
 h - 10 poisoned needles
 l - 6 needles of sleeping
 m - 8 needles of confusion
Armour
 b - a +0 robe
 j - a +0 ring mail (worn)
Scrolls
 d - 5 scrolls of identify
 e - a scroll of enchant armour {unknown}
 f - 2 scrolls of amnesia {unknown}
 g - 7 scrolls of remove curse
 k - a scroll of immolation {unknown}
Comestibles
 c - a bread ration
 n - a fruit


   Skills:
 + Level 3.5 Fighting
 + Level 4.1 Polearms
 + Level 1.5 Armour
 + Level 3.2 Dodging
 + Level 2.1 Stealth


You had 4 spell levels left.
You didn't know any spells.

Dungeon Overview and Level Annotations

Branches:
Dungeon (4/15)
 Temple: D:4-7

Altars:
Ashenzari
Okawaru
Ru
Trog

Annotations:
D:3 Maimakterion's ghost, amateur DsFi


Innate Abilities, Weirdness & Mutations

You are partially covered in slimy green scales. (AC +2)
You are partially covered in sharp spines.


Message History

The orc wizard hits you with a dagger of venom.
* * * LOW HITPOINT WARNING * * *
You are more poisoned.
The orc wizard is struck by your spines.
The orc wizard hits you but does no damage.
You are more poisoned.
You aren't carrying any potions.
You hit the orc wizard.
You kill the orc wizard!
Okawaru accepts your kill.
You have reached level 5!
* * * LOW HITPOINT WARNING * * *
You feel very sick.
You aren't carrying any potions.
* * * LOW HITPOINT WARNING * * *
You feel very sick.
Found a potion of heal wounds.
Things that are here:
a dagger of venom; a glowing robe You die...

####.## #....# #....#
+# #...## .# ##.##
##.#### #.# #.....#
####.#### ##...###!.
#.......#
#####.........
#.##.##.# #.....@....#
#.##.##.###.###).....#
#.##.>....).#
#.......#
#.#####.#####
#........# #.#####.#
#......... #.......#
#.......## #########
###.##### .. ...


There were no monsters in sight!

Vanquished Creatures
  A centaur skeleton (D:4)
  An orc wizard (D:4)
  An adder (D:3)
  2 oozes
  3 worms
  A dart slug (D:3)
  4 leopard geckos
  5 orcs
  9 bats
  A giant cockroach (D:3)
  11 goblins
  3 hobgoblins
  3 quokkas
  6 frilled lizards
  6 kobolds
  6 rats
63 creatures vanquished.

Notes
Turn   | Place    | Note
-------+----------+-------------------------------------------
     0 | D:1      | slep the Demonspawn Monk began the quest for the Orb.
     0 | D:1      | Reached XP level 1. HP: 18/18 MP: 1/1
   128 | D:1      | Gained mutation: You are partially covered in sharp spines. [demonic ancestry]
   128 | D:1      | Reached XP level 2. HP: 11/24 MP: 2/2
   170 | D:1      | Reached skill level 3 in Polearms
   648 | D:2      | Reached XP level 3. HP: 19/29 MP: 3/3
  1445 | D:3      | Gained mutation: You are partially covered in slimy green scales. (AC +2) [demonic ancestry]
  1445 | D:3      | Reached XP level 4. HP: 21/35 MP: 4/4
  1465 | D:3      | Found a bloodstained altar of Trog.
  1576 | D:3      | Found a sacrificial altar of Ru.
  1588 | D:3      | Found a shattered altar of Ashenzari.
  1632 | D:3      | Found an iron altar of Okawaru.
  1636 | D:3      | Became a worshipper of Warmaster Okawaru
  1636 | D:3      | Reached * piety under Okawaru
  1636 | D:3      | Reached ** piety under Okawaru
  1733 | D:3      | Noticed Maimakterion's ghost (amateur DsFi)
  1755 | D:4      | Reached skill level 1 in Armour
  2017 | D:4      | Reached skill level 4 in Polearms
  2036 | D:4      | Reached XP level 5. HP: 9/41 MP: 5/5
  2037 | D:4      | HP: 2/41 [poisoned by an orc wizard]
  2038 | D:4      | Succumbed to an orc wizard's poison

Vault maps used:
D:1:      dpeg_arrival_chase, nrook_mini_vaults
D:3:      nicolae_overflow_quartered_altars, first_bread, serial_glass,
          glass_columns_b, glass_columns_a, uniq_sigmund
D:4:      lemuel_round_altar, serial_bayou_pond_c

Skill      XL: |  1  2  3  4 |
---------------+-------------+-----
Polearms       | 3 4 |  4.1
Dodging        | 3 |  3.2
Stealth        | 2 |  2.1
Armour         | 1 |  1.5
Fighting       | |  3.5

Action                   |  1- 3 |  4- 6 || total
-------------------------+-------+-------++-------
Melee: Spear             |   116 |    88 ||   204
  Use: Scroll            |     3 |       ||     3
       Potion            |       |     2 ||     2
 Stab: Sleeping          |     4 |       ||     4
       Distracted        |       |     1 ||     1
  Eat: Chunk             |     2 |     1 ||     3
Armor: Robe              |     5 |       ||     5
       Ring mail         |    16 |    24 ||    40
Dodge: Dodged            |    44 |    34 ||    78

Table legend:
 A = Spawn XP
 B = Non-spawn XP
 C = Spawn XP percentage of total XP
 D = Spawn monster count
 E = Non-spawn monster count
 F = Spawn count percentage of total count
 G = Total turns spent on level
                    A         B        C        D         E        F      G
               +---------+---------+-------+---------+---------+-------+---------
         Total |       0 |     221 |   0.0 |       0 |      63 |   0.0 |  2038
               +---------+---------+-------+---------+---------+-------+---------
           D:1 |       0 |      27 |   0.0 |       0 |      15 |   0.0 |   607
           D:2 |       0 |      43 |   0.0 |       0 |      20 |   0.0 |   675
           D:3 |       0 |      52 |   0.0 |       0 |      20 |   0.0 |   461
           D:4 |       0 |      99 |   0.0 |       0 |       8 |   0.0 |   295
               +---------+---------+-------+---------+---------+-------+---------
